 Dungeon Crawl Stone Soup version 0.26.0-10-g1f06aea511 (webtiles) character file.

Game seed: 831877884673718287

46 night the Gusty (level 3, -5/28 HPs)
             Began as a Naga Air Elementalist on Jan 22, 2021.
             Slain by a sky beast (6 damage)
             ... on level 2 of the Dungeon.
             The game lasted 00:03:05 (1933 turns).

night the Gusty (Naga Air Elementalist)             Turns: 1933, Time: 00:03:05

Health: -5/28      AC:  2    Str: 10    XL:     3   Next: 66%
Magic:  6/6        EV: 10    Int: 16    God:
Gold:   73         SH:  0    Dex: 11    Spells: 1/7 levels left

rFire    . . .     SeeInvis +   f - +0 whip
rCold    + . .     Faith    .   (no shield)
rNeg     . . .     Spirit   .   a - +0 robe
rPois    +         Reflect  .   (no helmet)
rElec    .         Harm     .   (no cloak)
rCorr    .         Rampage  .   (no gloves)
Will     .....                  (no barding)
Stlth    ++........             (no amulet)
HPRegen  0.09/turn              g - ring of protection from cold
MPRegen  0.10/turn              (no ring)

@: very slow
A: large, see invisible, deformed body, poison resistance, slowness 2, spit
poison 1, AC +1
a: Spit Poison


You were on level 2 of the Dungeon.
You visited 1 branch of the dungeon, and saw 3 of its levels.

You collected 73 gold pieces.

Inventory:

Hand Weapons
 f - a +0 whip (weapon)
Missiles
 b - 63 stones
 d - 8 bolts
 l - 15 poisoned darts
 o - 18 arrows
Armour
 a - a +0 robe (worn)
Jewellery
 g - a ring of protection from cold (left hand)
Scrolls
 c - a scroll of immolation {unknown}
 h - 5 scrolls of identify {unknown}
 i - a scroll of remove curse {unknown}
 k - 3 scrolls of fear {unknown}
 n - a scroll of fog {unknown}
Potions
 e - a potion of attraction
 j - a potion of degeneration {unknown}


   Skills:
 - Level 1.5 Dodging
 - Level 3.0 Stealth
 + Level 2.6 Spellcasting
 + Level 2.1 Conjurations
 + Level 3.5 Air Magic


You had one spell level left.
You knew the following spells:

 Your Spells              Type           Power        Failure   Level
a - Shock                 Conj/Air       44%          6%          1
b - Swiftness             Air            13%          7%          2
c - Static Discharge      Conj/Air       11%          19%         3

Your spell library contained the following spells:

 Spells                   Type           Power        Failure   Level
 Airstrike                Air            6%           41%         4
 Lightning Bolt           Conj/Air       5%           86%         5


Dungeon Overview and Level Annotations

Branches:
Dungeon (3/15)

Altars:


Innate Abilities, Weirdness & Mutations

You cannot wear boots.
Your serpentine skin is tough. (AC +1)
You have supernaturally acute eyesight. (SInv)
Armour fits poorly on your strangely shaped body.
Your system is resistant to poisons. (rPois)
You cover ground very slowly.
You can spit poison.


Message History

The sky beast hits you but does no damage.
Casting: Shock (safe; 6% risk of failure)
Confirm with . or Enter, or press ? or * to list all spells.
You can't see any susceptible monsters within range! (Use Z to cast anyway.)
You barely miss the sky beast. The sky beast barely misses you.
You closely miss the sky beast. The sky beast hits you.
The sky beast shocks you.
You barely miss the sky beast. The sky beast misses you.
The sky beast barely misses you.
You barely miss the sky beast.
The sky beast flickers out of sight for a moment.
The sky beast hits you. The sky beast shocks you.
* * * LOW HITPOINT WARNING * * *
You hit the sky beast.
The sky beast is lightly wounded.
The sky beast barely misses you. The sky beast hits you.
* * * LOW HITPOINT WARNING * * *
The sky beast shocks you.
You die...

##### #...# ###########
#...# #.........##
#...##### #..........#
#.......######...>.#..#.##
#...#.#..@Y.≈........#....
#...#.########......#..#.#
#...#......# #.....#..#..#
##########.#######...#....
#.....##...#####..#..#.#
#....<####.......#..#...
#.....#########....#....
#......##..÷......#..#.#
#.........######.#..#..#


You could see a sky beast.

Vanquished Creatures
  3 adders (D:2)
  2 dart slugs
  A giant cockroach (D:2)
  3 goblins
  2 kobolds
  A bat (D:2)
  3 frilled lizards
  4 rats
19 creatures vanquished.

Notes
Turn   | Place    | Note
-------+----------+-------------------------------------------
     0 | D:1      | night the Naga Air Elementalist began the quest for the
                  | Orb.
     0 | D:1      | Reached XP level 1. HP: 15/15 MP: 3/3
   421 | D:1      | Reached XP level 2. HP: 22/22 MP: 5/5
   428 | D:1      | Learned a level 2 spell: Swiftness
  1203 | D:2      | Reached XP level 3. HP: 28/28 MP: 4/6
  1207 | D:2      | Learned a level 3 spell: Static Discharge
  1913 | D:3      | Noticed a sky beast
  1933 | D:2      | HP: 1/28 [sky beast (2)]
  1933 | D:2      | Slain by a sky beast

Illustrated notes

Levels and vault maps discovered:
D:1:      dpeg_arrival_pond, layout_basic
D:2:      layout_rooms, minmay_misc_feat_cross, minmay_misc_feat_diagonals,
          kennysheep_cross_bottleneck
D:3:      layout_rooms, minmay_statues_item, uniq_crazy_yiuf_cottage

Skill      XL: |  1  2  3 |
---------------+----------+-----
Conjurations   | 2 |  2.1
Dodging        | |  1.5
Stealth        | |  3.0
Spellcasting   | |  2.6
Air Magic      | |  3.5

Action                   || total
-------------------------++-------
Melee: Unarmed           ||     4
       Whip              ||    47
 Cast: Shock             ||    25
 Abil: Spit Poison       ||     1
  Use: Potion            ||     5
 Stab: Sleeping          ||     2
Armor: Robe              ||    10
       Skin              ||     9
Dodge: Dodged            ||    39
